BSA
NEVADA NOISE @ NEW YORK KNIGHTS
04/08/2028
 
TOP OF THE 1ST
Nevada Noise batting - Pitching for New York Knights : RHP Thatcher Smith
Pitching: RHP Thatcher Smith
Batting: LHB Stanley Mullins 0-0: Ball
1-0: Fly out, F8 (Flyball, 8LS)
Batting: RHB Stephen Wilson 0-0: Called Strike
0-1: Ball
1-1: Ball
2-1: Ball
3-1: Base on Balls
Batting: SHB Julián Madrid 0-0: Ball
1-0: Called Strike
1-1: Called Strike
1-2: Foul Ball, location: 2F
1-2: Ball
Stephen Wilson is caught stealing 2nd base
2-2: Foul Ball, location: 2F
2-2: Ball
3-2: SINGLE (Groundball, 34D)
Batting: LHB Willie Wallace 0-0: Fielders Choice at 2nd, 4-6 (Groundball, 34)
Top of the 1st over - 0 run(s), 1 hit(s), 0 error(s), 0 left on base; Nevada 0 - New York 0
BOTTOM OF THE 1ST
New York Knights batting - Pitching for Nevada Noise : RHP Carl Henry
Pitching: RHP Carl Henry
Batting: RHB Lonnie Anderson 0-0: Called Strike
0-1: Foul Ball, location: 2F
0-2: Foul Ball, location: 2F
0-2: Ball
1-2: Ball
2-2: Ball
3-2: SINGLE (Line Drive, 4M)
Batting: RHB Steve Sampson 0-0: Ball
1-0: Foul Ball, location: 2F
1-1: DOUBLE (Line Drive, 9LD)
Lonnie Anderson to third
Pinch Runner at 2nd Arthur Hall:
Batting: RHB Pepe Carrasco 0-0: Ball
1-0: Fly out, F8 (Flyball, 8LM)
Runner from 3rd tags up, SCORES, no throw
Batting: SHB Marvin Harris 0-0: Ball
1-0: Ball
2-0: Ball
3-0: Called Strike
3-1: Called Strike
3-2: Base on Balls
Batting: LHB Nicholas Alston 0-0: Called Strike
0-1: Called Strike
0-2: Ball
1-2: Fly out, F7 (Line Drive, 78S)
Batting: LHB Marcos Pérez 0-0: SINGLE (Flyball, 6D)
Arthur Hall to third
Marvin Harris to second
Runner from 3rd tries for Home, SAFE, no throw
Batting: RHB Tokuhei Kobayashi 0-0: Ground out 1-3 (Groundball, 15S)
Bottom of the 1st over - 2 run(s), 3 hit(s), 0 error(s), 2 left on base; Nevada 0 - New York 2
TOP OF THE 2ND
Nevada Noise batting - Pitching for New York Knights : RHP Thatcher Smith
Batting: RHB Edward Young 0-0: Ball
1-0: DOUBLE (Line Drive, 8LXD)
Batting: RHB Rich Ruffin 0-0: Called Strike
0-1: Foul Ball, location: 2F
0-2: Strikes out swinging
Batting: LHB Milton Watson 0-0: Called Strike
0-1: Ball
1-1: Ball
2-1: DOUBLE (Line Drive, 7LD)
Edward Young scores
Batting: RHB Fernando Martínez 0-0: Ball
1-0: Ball
2-0: Ball
3-0: Called Strike
3-1: Swinging Strike
3-2: Foul Ball, location: 2F
3-2: Base on Balls
Batting: RHB Vern Carlton 0-0: Called Strike
0-1: Ball
1-1: SINGLE (Groundball, 6MD)
Milton Watson to third
Fernando Martínez to second
Batting: LHB Stanley Mullins 0-0: Swinging Strike
0-1: Ball
1-1: Ball
2-1: Ball
3-1: Base on Balls
Milton Watson scores
Fernando Martínez to third
Vern Carlton to second
Batting: RHB Stephen Wilson 0-0: SINGLE (Line Drive, 56)
Fernando Martínez scores
Vern Carlton to third
Stanley Mullins to second
Batting: SHB Julián Madrid 0-0: Ball
1-0: Ball
Wild Pitch!
Vern Carlton scores
Stanley Mullins to third
Stephen Wilson to second
2-0: Swinging Strike
2-1: Fly out, F8 (Flyball, 8RM)
Runner from 3rd tags up, SCORES, throw made
Batting: LHB Willie Wallace 0-0: Ball
1-0: Called Strike
1-1: Foul Ball, location: 2F
1-2: DOUBLE (Line Drive, 89D)
Stephen Wilson scores
Batting: RHB Edward Young 0-0: Called Strike
0-1: Foul Ball, location: 2F
0-2: Ground out 1-3 (Groundball, P)
Top of the 2nd over - 6 run(s), 5 hit(s), 0 error(s), 1 left on base; Nevada 6 - New York 2
BOTTOM OF THE 2ND
New York Knights batting - Pitching for Nevada Noise : RHP Carl Henry
Batting: LHB Pedro Rodríguez 0-0: Called Strike
0-1: Foul Ball, location: 2F
0-2: Ball
1-2: Strikes out swinging
Batting: RHB Juan Robles 0-0: Swinging Strike
0-1: Ball
1-1: Called Strike
1-2: Foul Ball, location: 2F
1-2: Strikes out swinging
Batting: RHB Lonnie Anderson 0-0: Ball
1-0: Ball
2-0: Fly out, F8 (Flyball, 8LD)
Bottom of the 2nd over - 0 run(s), 0 hit(s), 0 error(s), 0 left on base; Nevada 6 - New York 2
TOP OF THE 3RD
Nevada Noise batting - Pitching for New York Knights : RHP Thatcher Smith
Batting: RHB Rich Ruffin 0-0: Called Strike
0-1: Swinging Strike
0-2: Foul Ball, location: 2F
0-2: Fly out, F1 (Line Drive, 15)
Batting: LHB Milton Watson 0-0: Called Strike
0-1: Ball
1-1: Ball
2-1: Ground out U3 (Groundball, 3L)
Batting: RHB Fernando Martínez 0-0: Ground out 1-3 (Groundball, 13S)
Top of the 3rd over - 0 run(s), 0 hit(s), 0 error(s), 0 left on base; Nevada 6 - New York 2
BOTTOM OF THE 3RD
New York Knights batting - Pitching for Nevada Noise : RHP Carl Henry
Batting: LHB Arthur Hall 0-0: Called Strike
0-1: Called Strike
0-2: Ball
1-2: Strikes out swinging
Batting: RHB Pepe Carrasco 0-0: Called Strike
0-1: Ball
1-1: Swinging Strike
1-2: Ground out 6-3 (Groundball, 6S)
Batting: SHB Marvin Harris 0-0: Called Strike
0-1: Ball
1-1: Called Strike
1-2: Ball
2-2: DOUBLE (Line Drive, 89D)
Batting: LHB Nicholas Alston 0-0: Ball
Wild Pitch!
Marvin Harris to third
1-0: Called Strike
1-1: Called Strike
1-2: Strikes out looking
Bottom of the 3rd over - 0 run(s), 1 hit(s), 0 error(s), 1 left on base; Nevada 6 - New York 2
TOP OF THE 4TH
Nevada Noise batting - Pitching for New York Knights : RHP Thatcher Smith
Batting: RHB Vern Carlton 0-0: Called Strike
0-1: Foul Ball, location: 2F
0-2: Foul Ball, location: 2F
0-2: Ball
1-2: Strikes out looking
Batting: LHB Stanley Mullins 0-0: Ball
1-0: Called Strike
1-1: Ground out 4-3 (Groundball, 4S)
Batting: RHB Stephen Wilson 0-0: Ball
1-0: Foul Ball, location: 2F
1-1: Ball
2-1: Called Strike
2-2: Foul Ball, location: 2F
2-2: Ball
3-2: Fly out, F8 (Line Drive, 8RD)
Top of the 4th over - 0 run(s), 0 hit(s), 0 error(s), 0 left on base; Nevada 6 - New York 2
BOTTOM OF THE 4TH
New York Knights batting - Pitching for Nevada Noise : RHP Carl Henry
Batting: LHB Marcos Pérez 0-0: Fly out, F7 (Flyball, 7LSF)
Batting: RHB Tokuhei Kobayashi 0-0: Called Strike
0-1: Ball
1-1: Foul Ball, location: 2F
1-2: Ball
2-2: Ball
3-2: SINGLE (Groundball, 6MD)
Batting: LHB Pedro Rodríguez 0-0: Called Strike
0-1: Ball
1-1: Fielders Choice at 2nd, 4-6 (Groundball, 4)
Batting: RHB Juan Robles 0-0: Called Strike
0-1: Ball
1-1: Ball
2-1: Ball
3-1: Foul Ball, location: 2F
3-2: Ground out 6-3 (Groundball, 6S)
Bottom of the 4th over - 0 run(s), 1 hit(s), 0 error(s), 1 left on base; Nevada 6 - New York 2
TOP OF THE 5TH
Nevada Noise batting - Pitching for New York Knights : RHP Thatcher Smith
Pitching: RHP Ramiro Piña
Batting: SHB Julián Madrid 0-0: Foul Ball, location: 2F
0-1: Ball
1-1: Ball
2-1: Foul Ball, location: 2F
2-2: Ball
3-2: Base on Balls
Batting: LHB Willie Wallace 0-0: Ball
1-0: Called Strike
1-1: Ball
2-1: Grounds into double play, 4-6-3 (Groundball, 4)
Batting: RHB Edward Young 0-0: Ball
1-0: Swinging Strike
1-1: Foul Ball, location: 2F
1-2: Strikes out looking
Top of the 5th over - 0 run(s), 0 hit(s), 0 error(s), 0 left on base; Nevada 6 - New York 2
BOTTOM OF THE 5TH
New York Knights batting - Pitching for Nevada Noise : RHP Carl Henry
Batting: RHB Lonnie Anderson 0-0: Ball
1-0: Called Strike
1-1: Ball
2-1: Called Strike
2-2: Ball
3-2: SINGLE (Groundball, 4MD)
Batting: LHB Arthur Hall 0-0: Ball
1-0: Called Strike
1-1: SINGLE (Groundball, 34S) (infield hit)
Lonnie Anderson to second
Batting: RHB Pepe Carrasco 0-0: Ball
1-0: Ball
2-0: Called Strike
2-1: Ball
3-1: Fly out, F3 (Line Drive, 3F)
Batting: SHB Marvin Harris 0-0: Ball
1-0: Ball
2-0: Called Strike
2-1: Fly out, F7 (Flyball, 7S)
Batting: LHB Nicholas Alston 0-0: Called Strike
0-1: Ball
1-1: Fly out, F7 (Flyball, 7LS)
Bottom of the 5th over - 0 run(s), 2 hit(s), 0 error(s), 2 left on base; Nevada 6 - New York 2
TOP OF THE 6TH
Nevada Noise batting - Pitching for New York Knights : RHP Ramiro Piña
Batting: RHB Rich Ruffin 0-0: Called Strike
0-1: Ball
1-1: Ground out 5-3 (Groundball, 5S)
Batting: LHB Milton Watson 0-0: Ground out 6-3 (Groundball, 6)
Batting: RHB Fernando Martínez 0-0: Foul Ball, location: 2F
0-1: Foul Ball, location: 2F
0-2: Strikes out swinging
Top of the 6th over - 0 run(s), 0 hit(s), 0 error(s), 0 left on base; Nevada 6 - New York 2
BOTTOM OF THE 6TH
New York Knights batting - Pitching for Nevada Noise : RHP Carl Henry
Batting: LHB Marcos Pérez 0-0: Ground out 5-3 (Groundball, 56S)
Batting: RHB Tokuhei Kobayashi 0-0: Fly out, F9 (Flyball, 9)
Batting: LHB Pedro Rodríguez 0-0: Ball
1-0: Fly out, F4 (Popup, 34D)
Bottom of the 6th over - 0 run(s), 0 hit(s), 0 error(s), 0 left on base; Nevada 6 - New York 2
TOP OF THE 7TH
Nevada Noise batting - Pitching for New York Knights : RHP Ramiro Piña
Batting: RHB Vern Carlton 0-0: Called Strike
0-1: Ball
1-1: Swinging Strike
1-2: Strikes out swinging
Batting: LHB Stanley Mullins 0-0: Ball
1-0: Ball
2-0: Ball
3-0: Base on Balls
Batting: RHB Stephen Wilson 0-0: Ball
1-0: Ball
2-0: Called Strike
2-1: Swinging Strike
2-2: Ball
3-2: Foul Ball, location: 2F
3-2: SINGLE (Line Drive, 7LS)
Stanley Mullins to second
Batting: SHB Julián Madrid 0-0: Ball
1-0: Ball
2-0: Called Strike
2-1: Ball
3-1: Base on Balls
Stanley Mullins to third
Stephen Wilson to second
Pitching: LHP Phil Davis
Batting: LHB Willie Wallace 0-0: Foul Ball, location: 2F
0-1: Ball
1-1: Ball
2-1: Ball
3-1: Grounds into double play, 6-4-3 (Groundball, 6M)
Top of the 7th over - 0 run(s), 1 hit(s), 0 error(s), 2 left on base; Nevada 6 - New York 2
BOTTOM OF THE 7TH
New York Knights batting - Pitching for Nevada Noise : RHP Carl Henry
Batting: RHB Juan Robles 0-0: Ground out 5-3 (Groundball, 56)
Batting: RHB Lonnie Anderson 0-0: Called Strike
0-1: DOUBLE (Line Drive, 7D)
Batting: LHB Arthur Hall 0-0: Called Strike
0-1: Ball
1-1: Ball
2-1: Foul Ball, location: 2F
2-2: SINGLE (Groundball, 34D)
Lonnie Anderson to third
Runner from 3rd tries for Home, SAFE, no throw
Batting: RHB Pepe Carrasco 0-0: Called Strike
0-1: Called Strike
0-2: DOUBLE (Flyball, 78D)
Arthur Hall to third
Runner from 3rd tries for Home, SAFE, no throw
Batting: SHB Marvin Harris 0-0: Called Strike
0-1: Swinging Strike
0-2: Foul Ball, location: 2F
0-2: Ball
1-2: Fly out, F7 (Flyball, 7LM)
Batting: LHB Nicholas Alston 0-0: Ball
1-0: Ground out 1-3 (Groundball, 13S)
Bottom of the 7th over - 2 run(s), 3 hit(s), 0 error(s), 1 left on base; Nevada 6 - New York 4
TOP OF THE 8TH
Nevada Noise batting - Pitching for New York Knights : LHP Phil Davis
Pitching: RHP James Jones
Batting: RHB Edward Young 0-0: Ball
1-0: Ball
2-0: Called Strike
2-1: Ball
3-1: Base on Balls
Batting: RHB Rich Ruffin 0-0: Ball
1-0: Sac Bunt - play at first, batter OUT! 5-3
Edward Young to second
Batting: LHB Milton Watson 0-0: Fly out, F8 (Line Drive, 78D)
Batting: RHB Fernando Martínez 0-0: Ball
1-0: Foul Ball, location: 2F
1-1: Called Strike
1-2: Ball
2-2: 2-RUN HOME RUN (Flyball, 7D), Distance : 374 ft
Pitching: RHP Steve Poe
Batting: RHB Vern Carlton 0-0: SINGLE (Groundball, 4MS) (infield hit)
Batting: LHB Stanley Mullins 0-0: Called Strike
0-1: SINGLE (Groundball, 6MS) (infield hit)
Vern Carlton to second
Batting: RHB Stephen Wilson 0-0: Swinging Strike
0-1: Swinging Strike
0-2: Ball
1-2: Fielders Choice at 2nd, U6 (Groundball, 6M)
Top of the 8th over - 2 run(s), 3 hit(s), 0 error(s), 2 left on base; Nevada 8 - New York 4
BOTTOM OF THE 8TH
New York Knights batting - Pitching for Nevada Noise : RHP Carl Henry
Pitching: RHP Mike Pierce
Batting: LHB Marcos Pérez 0-0: Foul Ball, location: 2F
0-1: Swinging Strike
0-2: Foul Ball, location: 2F
0-2: Strikes out swinging
Batting: RHB Tokuhei Kobayashi 0-0: Ground out 6-3 (Groundball, 6)
Batting: LHB Pedro Rodríguez 0-0: Ground out 3-1 (Groundball, 34S)
Bottom of the 8th over - 0 run(s), 0 hit(s), 0 error(s), 0 left on base; Nevada 8 - New York 4
TOP OF THE 9TH
Nevada Noise batting - Pitching for New York Knights : RHP Steve Poe
Batting: SHB Julián Madrid 0-0: Ball
1-0: Ball
2-0: Ball
3-0: Base on Balls
Batting: LHB Willie Wallace 0-0: Ball
1-0: Called Strike
1-1: Called Strike
1-2: Strikes out swinging
Batting: RHB Edward Young 0-0: SINGLE (Groundball, 5D)
Julián Madrid to second
Batting: RHB Rich Ruffin 0-0: Called Strike
0-1: Foul Ball, location: 2F
0-2: Foul Ball, location: 2F
0-2: Ball
1-2: Ball
2-2: Strikes out looking
Batting: LHB Milton Watson 0-0: Ball
1-0: Ball
2-0: Ball
3-0: Base on Balls
Julián Madrid to third
Edward Young to second
Batting: RHB Fernando Martínez 0-0: Ball
1-0: Ball
2-0: Fielders Choice at 2nd, 6-4 (Groundball, 6)
Top of the 9th over - 0 run(s), 1 hit(s), 0 error(s), 2 left on base; Nevada 8 - New York 4
BOTTOM OF THE 9TH
New York Knights batting - Pitching for Nevada Noise : RHP Mike Pierce
Batting: RHB Juan Robles 0-0: Called Strike
0-1: Foul Ball, location: 2F
0-2: Ball
1-2: Ground out 6-3 (Groundball, 56D)
Batting: RHB Lonnie Anderson 0-0: Called Strike
0-1: Ball
1-1: Foul Ball, location: 2F
1-2: Strikes out swinging
Batting: LHB Arthur Hall 0-0: Called Strike
0-1: SINGLE (Groundball, 4MD)
Batting: RHB Pepe Carrasco 0-0: Ball
1-0: Called Strike
1-1: Foul Ball, location: 2F
1-2: Ball
2-2: Ball
3-2: Strikes out swinging
Bottom of the 9th over - 0 run(s), 1 hit(s), 0 error(s), 1 left on base; Nevada 8 - New York 4
Tuesday, August 8th, 2017 - OOTP Baseball 17.12 Build 75